Cogmind - Beta 15 @@@ ROGUE MODE // 2025.07.04 @ 19:34:34 Player: beans Result: Destroyed by KJ-HYB(R) with Subdweller Machine Gun Performance ------------- Evolutions (0) 0 Regions Visited (3) 600 Robots Destroyed (11) 55 Value Destroyed (286) 286 Prototype IDs (0) 0 Alien Tech Used (0) 0 Bonus (-11) -11 TOTAL SCORE: 930 Bonus ------- Friendly Fire -11 Cogmind --------- Core Integrity 0/250 Matter 207/300 Energy 100/100 System Corruption 0% Temperature Cool (0) Movement Core (50) Location -10/Subcaves Parts ------- > --- POWER (1) -------- (None) > --- PROPULSION (2) --- (None) > --- UTILITY (2) ------ Visual Processing Unit Signal Interpreter > --- WEAPON (2) ------- High-powered Shotgun > --- INVENTORY (5) ---- Light Treads Cryofiber Web Assault Rifle Assault Rifle Scrap Shield Fragment (46) Peak State ------------ > --- POWER ------------ Light Deuterium Engine > --- PROPULSION ------- Airjet > --- UTILITY ---------- Visual Processing Unit Signal Interpreter > --- WEAPON ----------- Assault Rifle High-powered Shotgun > --- INVENTORY -------- Light Treads Cryofiber Web Improved Trap Extractor Assault Rifle Grenade Launcher [Rating: 14] Favorites ----------- Power Ion Engine Engine Ion Engine Propulsion Light Treads Treads Light Treads Hover Unit Airjet Utility Visual Processing Unit Processor Visual Processing Unit Weapon Assault Rifle Ballistic Gun Assault Rifle Launcher Grenade Launcher Build | -11 -10 -10 -10 ------- Run | Yrd Mat Min Sub Slots Evolved . | . . . . Power . | . . . . Propulsion . | . . . . Utility . | . . . . Weapon . | . . . . Parts Attached 11 | 5 3 3 . Power 2 | 1 . 1 . Engine 2 | 1 . 1 . Core . | . . . . Reactor . | . . . . Propulsion 3 | 2 . 1 . Treads 2 | 2 . . . Leg . | . . . . Wheel . | . . . . Hover 1 | . . 1 . Flight . | . . . . Utility 2 | . 2 . . Device . | . . . . Storage . | . . . . Processor 2 | . 2 . . Hackware . | . . . . Protection . | . . . . Artifact . | . . . . Weapon 4 | 2 1 1 . Energy Gun . | . . . . Energy Cannon . | . . . . Ballistic Gun 3 | 2 . 1 . Ballistic Cannon . | . . . . Launcher 1 | . 1 . . Special Weapon . | . . . . Impact Weapon . | . . . . Slashing Weapon . | . . . . Piercing Weapon . | . . . . Special Melee Weapon . | . . . . Unidentified Prototypes . | . . . . Parts Lost 3 | . . . 3 Power 1 | . . . 1 Propulsion 1 | . . . 1 Utility . | . . . . Weapon 1 | . . . 1 Highest Loss Streak 2 | . . . 2 To Critical Strikes . | . . . . Average Backups 2 | . . 3 4 Power . | . . . . Propulsion . | . . . 1 Utility . | . . . 1 Weapon 1 | . . 1 2 Tool/Special . | . . . . Unused Backups 3 | . . 2 1 Power . | . . . . Propulsion . | . . . . Utility 3 | . . 2 1 Weapon . | . . . . Tool/Special . | . . . . Average Slot Usage (%) 82 | . 80 87 75 Engine 13 | . 14 14 13 Treads 10 | . 28 4 . Hover 7 | . . 11 7 Processor 22 | . 8 28 28 Ballistic Gun 22 | . 20 25 16 Launcher 5 | . 7 2 9 Peak Build Rating 14 | 5 8 14 13 Average Rating 9 | 3 6 11 11 On Entrance 6 | . 5 8 13 Naked Turns . | . . . . Heaviest Build 11 | 9 10 10 11 Greatest Support 40 | 40 40 40 8 Greatest Overweight (x) 3 | . . 1 3 Average Overweight (x) . | . . . 1 Largest Inventory Capacity 5 | 5 5 5 5 Average Capacity 5 | 5 5 5 5 Most Carried 5 | 3 2 5 5 Average Carried 2 | . . 3 4 Final Capacity 5 | 5 5 5 5 Final Carried 5 | . 1 4 5 Class Distribution -------------------- 100% | Mutant Dominant Class ---------------- Mutant | -10/Materials Mutant | -10/Mines Mutant | -10/Subcaves Resources | -11 -10 -10 -10 ----------- Run | Yrd Mat Min Sub Matter Collected 446 | 181 75 148 42 Remotely . | . . . . Salvage Created 298 | . 138 65 95 Parts 25 | . 14 4 7 Haulers Intercepted . | . . . . Recyclers Shooed 1 | . 1 . . Parts Field Recycled . | . . . . Retrieved Matter . | . . . . Parts Self-Destructed . | . . . . Prevented . | . . . . Kills | -11 -10 -10 -10 ------- Run | Yrd Mat Min Sub Combat Hostiles Destroyed 6 | . 2 . 4 Guns 2 | . . . 2 AOE 4 | . 2 . 2 Classes Destroyed 5 | . 4 . 1 Builder 2 | . 2 . . Recycler 2 | . 1 1 . Watcher 1 | . 1 . . Grunt 2 | . 2 . . Subdweller 4 | . . . 4 Best Kill Streak 6 | . 6 1 2 Combat Bots Only 2 | . 2 . 2 Max Kills in Single Turn 2 | . 2 1 1 Gunslinging . | . . . . Exploded 1 | . 1 . 1 Melee . | . . . . Uniques/NPCs Destroyed . | . . . . Combat | -11 -10 -10 -10 -------- Run | Yrd Mat Min Sub Hostile Shots Fired 33 | . 3 . 30 Missed 10 | . 2 . 8 Hits 23 | . 1 . 22 Projectile 23 | . 1 . 22 Critical Strikes 3 | . . . 3 Damage Taken 574 | . 66 38 470 Core 260 | . 20 . 240 Absorbed by Shields . | . . . . Core Remaining (%) 100 | 100 . . . Volleys Fired 26 | . 9 1 16 Largest 2 | . 2 2 2 Hottest 55 | . 50 45 55 Shots Fired 42 | . 18 2 22 Gun 29 | . 11 2 16 Cannon . | . . . . Launcher 13 | . 7 . 6 Special . | . . . . Kinetic 29 | . 11 2 16 Thermal . | . . . . Explosive 13 | . 7 . 6 Electromagnetic . | . . . . Robot Hit Streak 15 | . 2 2 15 Robot Miss Streak 3 | . 2 3 1 Penetration Max . | . . . . Secondary Targets . | . . . . Shots Hit Robots 23 | . 2 1 20 Core Hits 20 | . 9 1 10 Critical Kills . | . . . . Critical Parts Destroyed 1 | . . . 1 Critical Strikes 1 | . . . 1 Destroy 1 | . . . 1 Melee Attacks . | . . . . Impact . | . . . . Slashing . | . . . . Piercing . | . . . . Sneak Attacks . | . . . . Combat Hostiles . | . . . . Follow-up Attacks . | . . . . Damage Inflicted 1053 | . 381 29 643 Guns 397 | . 37 29 331 Cannons . | . . . . Explosions 656 | . 344 . 312 Melee . | . . . . Ramming . | . . . . Kinetic 397 | . 37 29 331 Thermal . | . . . . Explosive 656 | . 344 . 312 Electromagnetic . | . . . . Impact . | . . . . Slashing . | . . . . Piercing . | . . . . Highest Corruption . | . . . . Average Corruption . | . . . . Corruption Purged . | . . . . Corruption Blocked . | . . . . Overload Shots . | . . . . Overflow Damage 10 | . 9 . 1 Projectiles . | . . . . Explosions 10 | . 9 . 1 Melee . | . . . . Knockbacks . | . . . . Impact . | . . . . Kinetic . | . . . . Secondary . | . . . . Self-Inflicted Damage 57 | . 57 . . Shots 3 | . 3 . . Rammed . | . . . . Targets Rammed . | . . . . Kicked . | . . . . Crushed . | . . . . Highest Temperature 259 | . 2 . 259 Average Temperature 138 | . 2 . 155 Received Heat Transfer 327 | . 6 . 321 Effects 2 | . . . 2 Interference 2 | . . . 2 Siege Activations . | . . . . Martial Activations . | . . . . Shielding Activations . | . . . . Robots Disrupted . | . . . . Combat Hostiles . | . . . . Robots Corrupted . | . . . . Combat Hostiles . | . . . . Parts Fried . | . . . . Impact Corruptions . | . . . . Robots Melted . | . . . . Combat Hostiles . | . . . . Parts Melted . | . . . . Heat Transferred . | . . . . Parts Sabotaged . | . . . . Parts Stolen . | . . . . Parts Stripped . | . . . . Power Chain Reactions . | . . . . Alert | -11 -10 -10 -10 ------- Run | Yrd Mat Min Sub Maximum Alert Level . | . . . . Low Security (%) 100 | 100 100 100 . Level 1 . | . . . . Level 2 . | . . . . Level 3 . | . . . . Level 4 . | . . . . Level 5 . | . . . . High Security . | . . . . Max Security . | . . . . Peak Influence 90 | . 90 27 . Initial 27 | . . 27 . Average 14 | . 34 4 . Influence Increases 135 | . 130 5 . Destroy 0b10 Robot/C 40 | . 40 . . Destroy 0b10 Robot/NC 25 | . 20 5 . Destroy Leader 2 | . 2 . . Disable Machine 30 | . 30 . . Destroy Structure 38 | . 38 . . Influence Decreases 135 | . 60 75 . Entered New Map 43 | . . 43 . Time Decay 92 | . 60 32 . Squads Dispatched 3 | . 2 1 . Investigation 1 | . . 1 . Extermination . | . . . . Reinforcement 2 | . 2 . . Assault . | . . . . Garrison . | . . . . Intercept . | . . . . Searches Triggered . | . . . . Construction Impeded . | . . . . Haulers Reinforced . | . . . . Active Scanning Responses . | . . . . Cargo Convoy Interrupts . | . . . . Stealth | -11 -10 -10 -10 --------- Run | Yrd Mat Min Sub Distress Signals . | . . . . Communications Jammed . | . . . . Distress Signals . | . . . . Times Spotted 11 | . 6 . 5 Peak Tracking Total 2 | . 2 . 2 Tactical Retreats . | . . . . Traps | -11 -10 -10 -10 ------- Run | Yrd Mat Min Sub Traps Triggered . | . . . . Indirectly . | . . . . Trap Hack Attempts . | . . . . Triggered . | . . . . Disarmed . | . . . . Reprogrammed . | . . . . Reused . | . . . . Traps Extracted . | . . . . Installed . | . . . . Triggered . | . . . . Machines | -11 -10 -10 -10 ---------- Run | Yrd Mat Min Sub Machines Disabled 2 | . 2 . . Max in Single Turn 1 | . 1 . . Machines Repaired . | . . . . Machines Dismantled . | . . . . Machines Sabotaged . | . . . . Overloaded Fab Kills . | . . . . Hacking | -11 -10 -10 -10 --------- Run | Yrd Mat Min Sub Machines Accessed 2 | . . 2 . Terminals . | . . . . Fabricators . | . . . . Repair Stations . | . . . . Recycling Units . | . . . . Scanalyzers . | . . . . Garrison Access . | . . . . Total Hacks 2 | . . 2 . Successful 2 | . . 2 . Failed . | . . . . Catastrophic . | . . . . Database Lockouts . | . . . . Manual . | . . . . Terminals . | . . . . Fabricators . | . . . . Repair Stations . | . . . . Recycling Units . | . . . . Scanalyzers . | . . . . Garrison Access . | . . . . Terminal Hacks 2 | . . 2 . Open Door 2 | . . 2 . Fabricator Hacks . | . . . . Repair Station Hacks . | . . . . Recycling Unit Hacks . | . . . . Scanalyzer . | . . . . Garrison Access Hacks . | . . . . Unauthorized Hacks . | . . . . Terminals . | . . . . Fabricators . | . . . . Repair Stations . | . . . . Recycling Units . | . . . . Scanalyzers . | . . . . Garrison Access . | . . . . Data Cores Recovered . | . . . . Used . | . . . . Hacking Detections . | . . . . Full Trace Events . | . . . . Feedback Events . | . . . . Feedback Blocked . | . . . . Robot Schematics Acquired . | . . . . Robots Built . | . . . . Authchips . | . . . . Time . | . . . . Total Robot Build Rating . | . . . . Part Schematics Acquired . | . . . . Parts Built . | . . . . Authchips . | . . . . Time . | . . . . Total Part Build Rating . | . . . . Parts Repaired . | . . . . Time . | . . . . Parts Recycled . | . . . . Recycled Matter . | . . . . Retrieved Matter . | . . . . Retrieved Components . | . . . . Parts Scanalyzed . | . . . . Part Schematics Acquired . | . . . . Parts Damaged . | . . . . Bothacking | -11 -10 -10 -10 ------------ Run | Yrd Mat Min Sub Used RIF Installer . | . . . . Robots Hacked . | . . . . Non-combat . | . . . . Combat . | . . . . Robot Hacks Applied . | . . . . Relay Couplers Released . | . . . . Fabnet Peak Effective % . | . . . . Robots Rewired . | . . . . Allies Hacked . | . . . . Hacks Repelled . | . . . . Allies | -11 -10 -10 -10 -------- Run | Yrd Mat Min Sub Total Allies . | . . . . Largest Group . | . . . . Highest-Rated Group . | . . . . Highest-Rated Ally . | . . . . Total Orders . | . . . . Ally Attacks . | . . . . Total Damage . | . . . . Kills . | . . . . Allies Corrupted . | . . . . Allies Melted . | . . . . Intel | -11 -10 -10 -10 ------- Run | Yrd Mat Min Sub Active Infowar (turns) 493 | . 89 256 148 Optics 493 | . 89 256 148 Robot Analysis Total . | . . . . Derelict Logs Recovered . | . . . . Drone Launches . | . . . . Drone Recoveries . | . . . . Exploration | -11 -10 -10 -10 ------------- Run | Yrd Mat Min Sub Turns Passed 637 | 57 176 256 148 Spaces Moved 317 | 39 90 130 58 Core 28 | 13 . . 15 Treads 130 | 26 90 14 . Legs . | . . . . Wheels . | . . . . Hover 159 | . . 116 43 Flight . | . . . . Fastest Speed 50 | 50 160 120 120 Average Speed 137 | 123 160 124 139 Slowest Speed 200 | 160 160 160 200 Overloaded Moves . | . . . . Propulsion Burnouts . | . . . . Robots Hopped . | . . . . Potential Cave-ins . | . . . . Cave-ins Triggered . | . . . . Exploration Rate (%) 17 | 4 29 27 9 Regions Visited 3 Branch Regions 2 Pre-discovered Areas . | . . . . Known Exits Taken 2 | . 1 1 . Unknown Exits Taken 1 | 1 . . . Scrap Searched 1 | . . 1 . Spaces Dug 5 | . 5 . . Terrain Destroyed 67 | . 39 . 28 Melee . | . . . . Projectile . | . . . . AOE 67 | . 39 . 28 Terrain Rammed . | . . . . Walls Destroyed . | . . . . Machines Disabled . | . . . . Actions | -11 -10 -10 -10 --------- Run | Yrd Mat Min Sub Total 478 | 48 104 223 103 Wait 107 | . . 80 27 Move 314 | 38 89 129 58 Hop . | . . . . Pick Up 15 | 5 3 6 1 Fast Attach . | . . . . Attach 7 | 5 2 . . Detach . | . . . . Swap 5 | . 1 3 1 Drop 4 | . . 4 . Fire 26 | . 9 1 16 Melee . | . . . . Ram . | . . . . Kick . | . . . . Crush . | . . . . Escape Stasis . | . . . . Rewire . | . . . . Trap . | . . . . Miscellaneous . | . . . . Route ------- -11/Scrapyard -10/Materials -10/Mines (discovered 2 exits: *Mat / *Sub) -10/Subcaves History --------- Turn | Location | Event 7 | -11/Scrapyard | Discovered new exit (range 16) 58 | -11/Scrapyard | Entered Materials 199 | -10/Materials | Discovered new exit (range 11) 218 | -10/Materials | Identified exit to Mines 234 | -10/Materials | Entered Mines 248 | -10/Mines | Met a Derelict shopkeep closing up shop 308 | -10/Mines | Build established: Mutant 328 | -10/Mines | Met a Derelict who couldn't figure out how to use a Trap Extractor 358 | -10/Mines | Discovered new exit (range 18) 378 | -10/Mines | Met a Derelict bent on vengeance 388 | -10/Mines | Identified exit to Materials 483 | -10/Mines | Discovered new exit (range 5) 489 | -10/Mines | Identified exit to Subcaves 490 | -10/Mines | Entered Subcaves 491 | -10/Subcaves | Approached by a straggling Scientist 625 | -10/Subcaves | Core integrity fell below 50% 637 | -10/Subcaves | Core integrity fell below 20% 638 | -10/Subcaves | Destroyed by KJ-HYB(R) with Subdweller Machine Gun Last Messages --------------- Subatomizers dissect the Sub. Monowheel. Acquired 3 matter. Acquired 39 matter. U2-YJT(c): "I think it's somewhere east of here" Subatomizers dissect the Sub. Monowheel, destroying it. Airjet destroyed. Destroyed Sub. Power Source. IN-FXE(R) destroyed. U2-YJT(c): "I think it's somewhere east of here" The unstable cave ceiling collapses. Acquired Scrap Shield Fragment. The unstable cave ceiling collapses. Grenade Launcher destroyed. The unstable cave ceiling collapses. Lgt. Deuterium Engine destroyed. The unstable cave ceiling collapses. KJ-HYB(R) suffers critical hit (Destroy). Destroyed Sub. Monowheel. 58-Z9O(R) destroyed. Map ----- +----------------------------------------------------+ | ?????????????????????????????????????????????????? | | ?????????????????????????????????????????????????? | | ?????????????????????????????????????????????????? | | ?????????????????????????????????????????????????? | | ?????????????????????????????????????????????????? | | ?????????????????????????????????????????????????? | | ?????????????????????????????????????????????????? | | ?????????????????????????????????????????????????? | | ?????????????????????????????????????????????????? | | ?????????????????????????????????????????????????? | | ?????????????????????????????????????????????????? | | ?????????????????????????????????????????????????? | | ??????????????????????????????????##?????????????? | | ????????????????????????????????? ??????????????? | | ????????????????????????????????? ???????????????? | | ??????????????????????#????????? #???????????????? | | ?????????????#####???? #??????? ????????????????? | | ?????????????? #???? ###???? ?????????????????? | | ??????????????# #????? ##?? ??????????????????? | | ?????????????## ####??""""#? #??????????????????? | | ?????????????# ## ####""### ##?????????????????? | | ?????????????# # # # ""#?????????????????? | | ?###??###???## "##### ???????????? | | ## #??# ##### # R """ ??????????? | | #??# c *%= " #????????? | | #??# @## # #?????????? | | #### # #??????????? #?????????? | | ## # #?????????????????????? | | ## ######?????????????????????? | | #########??????????????????????????? | | ####??????????????????????????????????? | | ###?????????????????????????????????????? | | ###???????????????????????????????????????? | | #?????????????????????????????????????????? | | ## #?????????###?????????????????????????????? | | ### #???????? #????????????????????????????? | | ####??????? #???????????????????????????? | | ##??##### ???????????????????????????? | | #? #??????????????????????????? | | ## #??????????????????????????????? | | #??????????????????????????????? | | # !!& #??????????????????????????????? | | ## ! &* ##??????????????????????????????? | | ?# ! ! ####???????????????????????????????? | | ?# [ # #??????????????????????????????????? | | ?# #### ###??????????????????????????????????? | | ## ###??##????????????????????????????????????? | | # #????????????????????????????????????????? | | # #????????????????????????????????????????? | | ##????????????????????????????????????????? | +----------------------------------------------------+ Best States ------------- Heat Dissipation 25 Energy Generation 14 Energy Capacity 250 Matter Stores 294 Matter Capacity 300 Sight Range 18 Terrain Scan Density 10 Evasion (%) 50 Recoil Reduction 2 Item Schematics ----------------- None Robot Schematics ------------------ None Fabricated ------------ Nothing Repaired ---------- Nothing Alien Tech Used ----------------- None Achievements -------------- None Challenges ------------ None Game ------ Seed LargeSapperPower Manual? 0 Play Time 00:07:06 Cumulative 38.4 hours Start 2025.07.04 @ 19:28:46 End 2025.07.04 @ 19:34:34 Sessions 1 Manual Loads 0 Difficulty Rogue Special Mode None Game No. 181 Rogue 181 Adventurer 0 Explorer 0 Win Type - Total 0 Types 0/0/0/0/0/0/0/0/0/0 Lore% 28 Gallery% 24 Achievement% 20 Wizard Run 0 Options --------- Layout 2 ASCII 0 Keyboard 0 Movement Mouse Keybinds 0 Fullscreen 1 Font 24/Smallcaps Map View 50x44 Zoom Use 0% Tactical HUD 0 Map Filters NONE Filters NONE Steam 1 RUN: f89f8e92-be03-4beb-adb1-f7f952cbd4ef